 Dungeon Crawl Stone Soup version 0.27-a0-1331-g60ef6b6952 (webtiles) character file.

Game seed: 2267180615898835579

265 Nattfarinn the Magician (level 5, -2/35 HPs)
             Began as a Mummy Necromancer on June 25, 2021.
             Slain by an orc (3 damage)
             ... on level 4 of the Dungeon.
             The game lasted 00:05:30 (3514 turns).

Nattfarinn the Magician (Mummy Necromancer)         Turns: 3514, Time: 00:05:31

Health: -2/35      AC:  6    Str: 12    XL:     5   Next: 99%
Magic:  10/14      EV: 12    Int: 15    God:
Gold:   100        SH:  0    Dex: 12    Spells: 13/17 levels left

rFire    x . .     SeeInvis .   b - +2 long sword (vorpal)
rCold    + . .     Faith    .   (no shield)
rNeg     + + +     Spirit   .   a - +0 robe
rPois    ∞         Reflect  .   d - +0 helmet
rElec    .         Harm     .   c - +0 cloak
rCorr    .         Rampage  .   (no gloves)
Will     .....                  f - +1 pair of boots
Stlth    ++........             i - amulet of magic regeneration
HPRegen  0.11/turn              (no ring)
MPRegen  0.39/turn              (no ring)

@: no status effects
A: cold resistance 1, negative energy resistance 3, torment resistance 2, heat
vulnerability 1, no potions
a: no special abilities


You were on level 4 of the Dungeon.
You visited 1 branch of the dungeon, and saw 4 of its levels.

You collected 100 gold pieces.

Inventory:

Hand Weapons
 b - a +2 vorpal long sword (weapon)
Armour
 a - a +0 robe (worn)
 c - a +0 cloak (worn)
 d - a +0 helmet (worn)
 f - a +1 pair of boots (worn)
Jewellery
 h - a ring of protection from fire
 i - an amulet of magic regeneration (around neck)
 k - a ring of ice
 l - a ring of fire
 q - a ring of flight
Scrolls
 e - a scroll of silence {unknown}
 g - a scroll of enchant armour {unknown}
 j - 4 scrolls of blinking
 m - a scroll of enchant weapon {unknown}
 n - a scroll of holy word {unknown}
 o - a scroll of noise {unknown}
 p - 3 scrolls of identify


   Skills:
 - Level 1.5 Dodging
 - Level 1.6 Stealth
 * Level 6.5 Spellcasting
 + Level 5.2 Necromancy


You had 13 spell levels left.
You knew the following spells:

 Your Spells              Type           Power      Damage    Failure   Level
a - Pain                  Necr           80%        1d8       1%          1
b - Vampiric Draining     Necr           10%        2d7       4%          3

Your spell library contained the following spells:

 Spells                   Type           Power      Damage    Failure   Level
 Animate Skeleton         Necr           40%        N/A       1%          1
 Corona                   Hex            4%         N/A       14%         1
 Animate Dead             Necr           10%        N/A       16%         4
 Ensorcelled Hibernation  Hex/Ice        8%         N/A       22%         2
 Gell's Gravitas          Tloc           2%         N/A       38%         3
 Lesser Beckoning         Tloc           2%         N/A       38%         3
 Teleport Other           Tloc           4%         N/A       38%         3
 Agony                    Necr           20%        N/A       41%         5
 Beastly Appendage        Tmut           Unusable   N/A       N/A         1
 Wereblood                Tmut           Unusable   N/A       N/A         2
 Spider Form              Tmut/Pois      Unusable   N/A       N/A         3
 Ice Form                 Ice/Tmut       Unusable   N/A       N/A         4

Dungeon Overview and Level Annotations

Branches:
Dungeon (4/15)
 Temple: D:4-7

Altars:
Sif Muna
Trog
Uskayaw
Wu Jian

Shops:
D:3 (


Innate Abilities, Weirdness & Mutations

You are immune to poison.
Your flesh is cold resistant. (rC+)
You are immune to negative energy. (rN+++)
You are immune to unholy pain and torment.
You are vulnerable to heat. (rF-)
You do not drink.


Message History

The orc priest writhes in agony.
The orc shouts!
An orc comes into view. It is wielding a +0 hand axe.
The orc priest writhes in agony.
The orc shouts!
You hear a shout!
An orc comes into view. It is wielding a +0 club.
A goblin comes into view. It is wielding a +0 club.
You hear a shout!
The orc priest writhes in agony.
The orc shouts!
The orc priest casts a cantrip, but nothing happens.
The orc priest barely resists.
The orc priest writhes in agony.
The orc priest barely resists.
The orc priest misses you.
The goblin writhes in agony.
The orc priest hits you from afar with a +0 trident.
The goblin closely misses you.
The goblin writhes in agony.
You kill the goblin!
The orc priest hits you from afar with a +0 trident.
An orc comes into view. It is wielding a +0 short sword.
The orc writhes in agony.
The orc priest hits you from afar with a +0 trident.
The orc closely misses you.
The orc priest invokes the aid of Beogh against you.
Beogh smites you!
* * * LOW HITPOINT WARNING * * *
You are too injured to fight recklessly!
You are too injured to fight recklessly!
You are too injured to fight recklessly!
Unknown command.
You can't drink.
The orc priest invokes the aid of Beogh against you.
Beogh smites you!
* * * LOW HITPOINT WARNING * * *
As you read the scroll labelled WUNEINWICA, it crumbles to dust.
It is a scroll of identify.
j - 4 scrolls of blinking The orc hits you with a +0 hand axe.
You die...

######### . # ##...#...#
....#.###########.........
.....o)oooo@..............
.....o##########..........
..... #.......... .... ##
##......... <>. ...
#####.......# .. ....
#........#### .
#..##....<...#
##...#.......##
.............#


You could see 2 orc priests and 4 orcs.

Vanquished Creatures
  A hound (D:4)
  A centaur skeleton (D:4)
  8 gnolls
  4 adders
  An adder skeleton (D:4)
  A worm (D:2)
  A dart slug (D:3)
  7 orcs
  6 bats
  6 endoplasms
  11 goblins
  4 hobgoblins
  4 jackals (D:4)
  5 quokkas
  4 ball pythons
  3 frilled lizards
  11 kobolds
  7 rats
85 creatures vanquished.

Notes
Turn   | Place    | Note
-------+----------+-------------------------------------------
     0 | D:1      | Nattfarinn the Mummy Necromancer began the quest for the
                  | Orb.
     0 | D:1      | Reached XP level 1. HP: 13/13 MP: 4/4
   179 | D:1      | Reached skill level 3 in Spellcasting
   317 | D:1      | Reached XP level 2. HP: 19/19 MP: 4/6
   591 | D:1      | Found a faded altar of an unknown god.
  1293 | D:2      | Reached skill level 4 in Spellcasting
  1293 | D:2      | Reached XP level 3. HP: 24/24 MP: 3/8
  1412 | D:2      | Reached XP level 4. HP: 14/30 MP: 0/10
  1574 | D:2      | Learned a level 3 spell: Vampiric Draining
  1673 | D:2      | Reached skill level 5 in Spellcasting
  2234 | D:3      | Found Ziginte's Antique Weapon Boutique.
  2395 | D:3      | Reached XP level 5. HP: 35/35 MP: 10/13
  2485 | D:3      | Reached skill level 5 in Necromancy
  2605 | D:3      | Found a hide-covered altar of Uskayaw.
  2806 | D:3      | Found an ornate altar of the Wu Jian Council.
  2958 | D:3      | Reached skill level 6 in Spellcasting
  3112 | D:3      | Found a shimmering blue altar of Sif Muna.
  3294 | D:3      | Found a bloodstained altar of Trog.
  3450 | D:4      | Identified the Collected Works on Spatial Malediction
  3511 | D:4      | HP: 1/35 [orc priest/divine providence (10)]
  3514 | D:4      | Slain by an orc

Illustrated notes

Levels and vault maps discovered:
D:1:      dpeg_arrival_tiny_c, layout_basic, hellmonk_ecumenical_altar_blasted,
          minmay_cut_off
D:2:      layout_basic, minmay_quadrilaterals
D:3:      layout_basic, nicolae_overflow_crystal_walls, general_overflow_altar,
          trog_three_pillars_becter, lemuel_round_altar, serial_shops,
          nicolae_diamond_shop, minmay_liquid_box
D:4:      layout_rooms, old_standard_altar

Skill      XL: |  1  2  3  4  5 |
---------------+----------------+-----
Spellcasting   | 3 4 5 6 |  6.5
Necromancy     | 5 |  5.2
Dodging        | |  1.5
Stealth        | |  1.6

Action                   |  1- 3 |  4- 6 || total
-------------------------+-------+-------++-------
Melee: Long sword        |     4 |    10 ||    14
 Cast: Pain              |    64 |   123 ||   187
  Use: Scroll            |       |     1 ||     1
Armor: Robe              |     3 |    22 ||    25
Dodge: Dodged            |    13 |    37 ||    50
       Rpst.: Long sword |     4 |     9 ||    13

Table legend: (Time is in decaauts)
 A = Elapsed time spent in this place.
 B = Non-inter-level travel time spent in this place.
 C = Inter-level travel time spent in this place.
 D = Time resting spent in this place.
 E = Time spent auto-exploring this place.
 F = Levels seen in this place.
 G = Mean time per level.
                   A        B        C        D        E       F      G
               +--------+--------+--------+--------+--------+-----+--------+
         Total |   3521 |   3435 |     86 |    252 |   2698 |   4 |  880.2 |
       Dungeon |   3521 |   3435 |     86 |    252 |   2698 |   4 |  880.2 |
               +--------+--------+--------+--------+--------+-----+--------+

Top non-repeatable levels by time:
     D:1: 1235 daAuts
     D:2: 1138 daAuts
     D:3: 957 daAuts
     D:4: 189 daAuts
